 Dungeon Crawl Stone Soup version 0.25.1-2-g60ff931df9 (webtiles) character file.

Game seed: 7469907542111615168

688926 gruber the Bringer of Light (level 27, -34/367 (375) HPs)
             Began as a Centaur Hunter on Oct 13, 2020.
             Was the Champion of the Shining One.
             Killed from afar by an ancient champion (55 damage)
             ... with an iron shot
             ... led by an iron giant
             ... on level 3 of the Iron City of Dis.
             The game lasted 02:14:49 (98807 turns).

gruber the Bringer of Light (Centaur Hunter)       Turns: 98807, Time: 02:14:50

HP:   -34/367 (375) AC: 23    Str: 34    XL:     27
MP:   36/48         EV: 14    Int: 15    God:    the Shining One [******]
Gold: 3546          SH:  5    Dex: 21    Spells: 33/46 levels left

rFire    + + .     SeeInvis +   k - +4 bardiche (vorpal)
rCold    + + .     Gourm    .   (shield currently unavailable)
rNeg     + + +     Faith    .   s - +2 scale mail "Cicij" {Regen+ Str+3}
rPois    +         Spirit   .   l - -2 hat of the Alchemist {rElec rPois rF+ rC+ rN+ MR+ rMut rCorr}
rElec    +         Reflect  +   o - +0 cloak of Okawaru's Benevolence {Stlth+}
rCorr    +         Harm     .   v - +2 pair of gloves {Dex+3}
rMut     +                      D - +4 centaur barding "Everaz" {Int+5 SInv}
MR       +++..                  h - amulet of reflection
Stlth    ..........             K - ring of Kiaducor {rF+ rC+}
HPRegen  1.11/turn              C - ring "Yrasiuso" {rElec rPois MP+9 Str+5 Dex+6}
MPRegen  0.31/turn

@: berserking (expiring), corroded, glowing, very quick
A: large, hooves 3, deformed body, speed 2, tough skin 3
}: 2/15 runes: decaying, gossamer
a: Divine Shield, Cleansing Flame, Summon Divine Warrior, Renounce Religion


You were on level 3 of the Iron City of Dis.
You worshipped the Shining One.
The Shining One was exalted by your worship.
You were hungry.

You visited 14 branches of the dungeon, and saw 60 of its levels.
You also visited: Volcano.

You collected 5355 gold pieces.
You spent 1809 gold pieces at shops.

Inventory:

Hand Weapons
 k - a +4 vorpal bardiche (weapon)
 M - a +1 vorpal longbow
 O - the +9 spear of Callousness {elec, rC+ rN+ MR+++}
   (You found it on level 11 of the Dungeon)

   Occasionally, upon striking a foe, it will discharge some electrical energy
   and cause terrible harm.
   It protects you from cold.
   It protects you from negative energy.
   It affects your resistance to hostile enchantments.
 Z - a +9 longbow of holy wrath
Missiles
 d - 713 arrows
Armour
 l - the -2 hat of the Alchemist (worn) {rElec rPois rF+ rC+ rN+ MR+ rMut rCorr}
   (You bought it in a shop on level 2 of the Orcish Mines)

   It protects you from fire.
   It protects you from cold.
   It insulates you from electricity.
   It protects you from poison.
   It protects you from negative energy.
   It affects your resistance to hostile enchantments.
   It provides partial protection from all sources of acid and corrosion.
   It protects you from mutation.
 o - the +0 cloak of Okawaru's Benevolence (worn) {Stlth+}
   (Okawaru gifted it to you on level 15 of the Dungeon)

   It makes you more stealthy.
 s - the +2 scale mail "Cicij" (worn) {Regen+ Str+3}
   (Okawaru gifted it to you on level 4 of the Vaults)

   It affects your strength (+3).
   It increases your rate of regeneration.
 v - a +2 pair of gloves of dexterity (worn)
 D - the +4 centaur barding "Everaz" (worn) {Int+5 SInv}
   (Okawaru gifted it to you on level 3 of the Swamp)

   It affects your intelligence (+5).
   It lets you see invisible.
Jewellery
 h - an amulet of reflection (around neck)
 t - an uncursed ring of flight
 u - an uncursed ring of protection from magic
 C - the ring "Yrasiuso" (right hand) {rElec rPois MP+9 Str+5 Dex+6}
   (You took it off a deep elf death mage on level 3 of the Elven Halls)

   [ring of dexterity]

   It affects your strength (+5).
   It affects your dexterity (+6).
   It insulates you from electricity.
   It protects you from poison.
   It affects your magic capacity (+9).
 K - the ring of Kiaducor (left hand) {rF+ rC+}
   (You acquired it on level 4 of the Spider Nest)

   [ring of protection from cold]

   It protects you from fire.
   It protects you from cold.
Wands
 j - a wand of acid (21)
 F - a wand of paralysis (67)
 H - a wand of polymorph (11)
 Q - a wand of iceblast (39)
 R - a wand of digging (5)
 Y - a wand of disintegration (24)
Scrolls
 a - a scroll of summoning
 c - 30 scrolls of remove curse
 m - 2 scrolls of amnesia
 n - 2 scrolls of silence
 p - 2 scrolls of holy word
 w - 8 scrolls of magic mapping
 y - 4 scrolls of fog
 A - 2 scrolls of vulnerability
 B - 5 scrolls of teleportation
 J - 8 scrolls of identify
 L - 2 scrolls of blinking
 S - 2 scrolls of immolation
 X - 3 scrolls of fear
Potions
 b - 16 potions of curing
 e - 7 potions of heal wounds
 g - a potion of magic
 i - 16 potions of haste
 r - 8 potions of berserk rage
 z - 9 potions of resistance
 E - 2 potions of ambrosia
 N - 4 potions of mutation
 P - 7 potions of flight
 T - 8 potions of brilliance
 U - 7 potions of lignification
 V - 6 potions of might
Comestibles
 f - 51 rations


   Skills:
 - Level 21.3 Fighting
 * Level 15.4 Polearms
 - Level 25.2 Bows
 - Level 17.7 Armour
 - Level 9.1 Dodging
 - Level 0.4 Stealth
 - Level 10.0 Spellcasting
 - Level 7.1 Hexes
 - Level 7.4 Charms
 - Level 2.2 Summonings
 - Level 7.1 Translocations
 - Level 25.8 Invocations


You had 33 spell levels left.
You knew the following spells:

 Your Spells              Type           Power        Failure   Level  Hunger
a - Portal Projectile     Hex/Tloc       ####..       2%          3    None
b - Apportation           Tloc           ####..       1%          1    None
c - Song of Slaying       Chrm           ####....     1%          2    None
d - Aura of Abjuration    Summ           ##........   86%         5    #####..
e - Blink                 Tloc           N/A          1%          2    None

Your spell library contained the following spells:

 Spells                   Type           Power        Failure   Level  Hunger
 Corona                   Hex            ####...      1%          1    None
 Infusion                 Chrm           ####         1%          1    None
 Shroud of Golubria       Chrm/Tloc      ####..       1%          2    None
 Slow                     Hex            ####....     1%          2    None
 Lesser Beckoning         Tloc           ####......   2%          3    None
 Spectral Weapon          Hex/Chrm       ####....     2%          3    None
 Tukima's Dance           Hex            ####....     2%          3    None
 Swiftness                Chrm/Air       ###.....     4%          2    None
 Summon Butterflies       Summ           ##......     6%          1    None
 Summon Small Mammal      Summ           ##..         6%          1    None
 Recall                   Summ/Tloc      N/A          6%          3    None
 Summon Guardian Golem    Hex/Summ       ###.....     6%          3    None
 Cause Fear               Hex            ####......   8%          4    ###....
 Call Imp                 Summ           ##......     9%          2    None
 Ozocubu's Armour         Chrm/Ice       ###.....     10%         3    None
 Dazzling Flash           Conj/Hex       ###...       11%         3    None
 Inner Flame              Hex/Fire       ###.....     11%         3    None
 Animate Skeleton         Necr           N/A          14%         1    None
 Foxfire                  Conj/Fire      #...         14%         1    None
 Magic Dart               Conj           #...         14%         1    None
 Pain                     Necr           #...         14%         1    None
 Shock                    Conj/Air       #...         14%         1    None
 Sting                    Tmut/Pois      #...         14%         1    None
 Call Canine Familiar     Summ           ##......     19%         3    None
 Corpse Rot               Necr/Air       N/A          22%         2    None
 Poisonous Vapours        Pois/Air       #.....       22%         2    None
 Searing Ray              Conj           #.....       22%         2    None
 Sublimation of Blood     Necr           #.........   22%         2    None
 Fulminant Prism          Conj/Hex       ###.......   34%         4    ###....
 Iskenderun's Mystic Bla  Conj/Tloc      ###.....     34%         4    ###....
 Leda's Liquefaction      Hex/Erth       ###.......   34%         4    ###....
 Conjure Flame            Conj/Fire      #.......     41%         3    None
 Ignite Poison            Fire/Tmut/Pois #.......     41%         3    None
 Mephitic Cloud           Conj/Pois/Air  #.......     41%         3    None
 Static Discharge         Conj/Air       #.......     41%         3    None
 Stone Arrow              Conj/Erth      #.....       41%         3    None
 Vampiric Draining        Necr           #.........   41%         3    None
 Summon Forest            Summ/Tloc      ###.......   52%         5    #####..
 Summon Mana Viper        Hex/Summ       ###.....     52%         5    #####..
 Iskenderun's Battlesphe  Conj/Chrm      ###.....     65%         5    #####..
 Summon Ice Beast         Ice/Summ       ##......     67%         4    ###....
 Summon Lightning Spire   Summ/Air       ##......     67%         4    ###....
 Silence                  Hex/Air        ###.......   67%         5    #####..
 Yara's Violent Unravell  Hex/Tmut       ###.......   67%         5    #####..
 Invisibility             Hex            ####....     77%         6    ######.
 Airstrike                Air            #.........   82%         4    ###....
 Animate Dead             Necr           N/A          82%         4    ###....
 Dispel Undead            Necr           #.......     82%         4    ###....
 Olgreb's Toxic Radiance  Pois           #.......     82%         4    ###....
 Petrify                  Tmut/Erth      #.......     82%         4    ###....
 Summon Demon             Summ           ##........   86%         5    #####..
 Agony                    Necr           #.......     99%         5    #####..
 Alistair's Intoxication  Tmut/Pois      #.......     99%         5    #####..
 Bolt of Magma            Conj/Fire/Erth #.........   99%         5    #####..
 Borgnjor's Vile Clutch   Necr/Erth      #.........   99%         5    #####..
 Fireball                 Conj/Fire      #.........   99%         5    #####..
 Irradiate                Conj/Tmut      #.........   99%         5    #####..
 Lightning Bolt           Conj/Air       #.........   99%         5    #####..
 Iron Shot                Conj/Erth      #.........   100%        6    ######.
 Shadow Creatures         Summ           N/A          100%        6    ######.
 Simulacrum               Ice/Necr       #.........   100%        6    ######.
 Starburst                Conj/Fire      #.........   100%        6    ######.
 Statue Form              Tmut/Erth      #........    100%        6    ######.
 Orb of Destruction       Conj           #.........   100%        7    #######
 Spellforged Servitor     Conj/Summ      ##........   100%        7    #######
 Discord                  Hex            ####......   100%        8    #######
 Necromutation            Tmut/Necr      #.........   100%        8    #######
 Dragon's Call            Summ           ##........   100%        9    #######
 Shatter                  Erth           #.........   100%        9    #######


Dungeon Overview and Level Annotations

Branches:
Dungeon (15/15)            Temple (1/1) D:5            Lair (6/6) D:9
  Swamp (4/4) Lair:3       Spider (4/4) Lair:3        Slime (3/5) Lair:5
    Orc (2/2) D:11            Elf (3/3) Orc:2        Vaults (4/5) D:14
  Crypt (3/3) Vaults:2       Tomb (0/3) Crypt:3      Depths (5/5) D:15
   Hell (visited)             Dis (2/7) Hell            Geh (0/7) Hell
    Coc (0/7) Hell            Tar (6/7) Hell            Zot (0/5) Depths:5
Volcano (visited)

Altars:
Ashenzari
Dithmenos
Elyvilon
Fedhas
Gozag
Hepliaklqana
Kikubaaqudgha
Makhleb
Nemelex Xobeh
Okawaru
Qazlal
Ru
Sif Muna
Trog
Uskayaw
Vehumet
Wu Jian
Yredelemnul
The Shining One
Beogh
Jiyva

Shops:
D:6 (   D:15 *   Orc:2 [[!!*   Elf:1 :}=?   Vaults:4 =   Depths:2 =

Portals:
Hell: Depths:1 Depths:2 Depths:3 Depths:4 Depths:5
Abyss: Depths:4
Pandemonium: Depths:3 Depths:5
Ziggurat: Depths:3
Trove: D:10 (show abyssal rune of Zot)

Annotations:
D:11 2 transporters
Vaults:4 exclusion: orange crystal statue


Innate Abilities, Weirdness & Mutations

You have hooves in place of feet.
Armour fits poorly on your strangely shaped body.
You cover ground very quickly.
You have extremely tough skin. (AC +3)


Message History

Attack whom?
Press: ? - help, Dir - move target cursor, f/p - ancient champion
Aim: an ancient champion, wielding a +0 great mace and wearing a +0 chain mail (severely damaged, fast, haloed)
You hit the ancient champion.
You kick the ancient champion, but do no damage.
The ancient champion is severely damaged.
The freezing wraith hits you but does no damage. x2
Your daeva hits the rust devil with a +5 long sword of holy wrath!
The rust devil convulses!
Your daeva hits the rust devil with a +5 long sword of holy wrath!
The rust devil convulses!
The rust devil dies!
The Shining One accepts your kill.
The ancient champion gestures at you while chanting.
The iron shot hits you!!
* * * LOW HITPOINT WARNING * * *
The iron golem hits you but does no damage.
The ancient champion casts a spell at you.
The iron shot hits you!!!
You die...

...............
...............
.............#
.............#
.............# ..
.............# +....
......zzW)...# #....
.....DA@8).).# #....
.........)...# #....
...........).#######....
........................
........................
........................
###+##..................
#............^.....
#......##########..


You could see a bone dragon, an iron golem, 2 ancient champions, a freezing
wraith and a friendly daeva (summoned, corroded).

Vanquished Creatures
  An ancient lich (Crypt:3)
  2 juggernauts
  Sojobo (Depths:1)
  Frederick (Crypt:3)
  Saint Roka (Depths:2)
  Margery (Crypt:3)
  Geryon (Hell)
  A golden dragon (Depths:4)
  13 bone dragons
  An iron giant (Dis:3)
  7 liches
  34 Tzitzimimeh
  17 doom hounds
  3 Ice Fiends (Dis:1)
  Rupert (Lair:6)
  Asterion (Depths:1)
  10 deep elf blademasters
  10 deep elf master archers
  3 acid blobs
  9 titans
  An Executioner (Dis:1)
  An ancient champion (Crypt:2)
  7 shadow dragons
  3 thorn hunters
  A sphinx (Depths:4)
  2 tengu reavers (Depths:1)
  Donald (Vaults:1)
  5 azure jellies
  Roxanne (Elf:3)
  Kirke (Lair:5)
  2 storm dragons (Vaults:3)
  17 fire giants
  8 deep elf sorcerers
  4 ghost moths
  A balrug (Dis:1)
  2 cacodemons (Dis:1)
  4 vault wardens
  18 frost giants
  A caustic shrike zombie (Depths:3)
  3 curse skulls
  A draconian knight (Depths:5)
  Aizul (Swamp:1)
  A ghoul (Vaults:1)
  Louise (Swamp:1)
  51 reapers
  2 emperor scorpions (Spider:4)
  10 ironheart preservers
  3 war gargoyles
  3 deep elf elementalists (Elf:3)
  A draconian shifter (Depths:5)
  4 entropy weavers
  35 stone giants
  4 green draconians
  4 spriggan defenders
  14 very ugly things
  7 vampire knights
  5 deep elf demonologists
  A purple draconian (Depths:5)
  4 black draconians
  The ghost of lorenzova the Eclecticist, a journeyman DECj of Vehumet (D:15)
  A lorocyproca (Depths:3)
  10 spark wasps
  5 dire elephants (Depths:3)
  A red draconian (Depths:5)
  9 deep elf annihilators
  2 yellow draconians
  4 eidola (Crypt:3)
  A crystal guardian (Vaults:4)
  3 green deaths
  An ettin (shapeshifter) (Depths:1)
  11 ettins
  11 deep elf death magi
  2 quicksilver dragon zombies
  A mummy priest (Crypt:3)
  4 deep elf high priests
  15 fire dragons
  Josephine (D:11)
  11 jiangshi
  8 great orbs of eyes
  Erolcha (D:12)
  14 yaktaur captains
  13 ice dragons
  3 rakshasas
  14 hydras
  3 vault guards
  3 quicksilver dragon skeletons
  2 catoblepae
  6 ghost crabs
  5 spriggan air magi
  9 centaur warriors
  A merfolk avatar (Lair:6)
  6 shambling mangroves
  17 ogre magi
  6 deep troll shamans
  10 death knights
  51 two-headed ogres
  5 tengu warriors
  21 alligators
  33 dancing weapons
  5 death yaks
  2 deep troll earth magi
  6 titan zombies
  8 vampire magi
  A hell hog (Hell)
  5 spriggan berserkers
  25 deep elf knights
  4 orc high priests
  2 titan skeletons
  Sonja (Lair:5)
  5 sun demons (Hell)
  11 soul eaters
  3 iron golems
  3 golden dragon zombies
  150 skeletal warriors
  A small abomination (Depths:5)
  18 hell knights
  6 storm dragon zombies
  4 iron trolls
  7 unseen horrors
  An unseen horror (shapeshifter) (Vaults:3)
  12 deep trolls
  2 spectral hydras (Swamp:4)
  6 flayed ghosts
  A death drake (Tar:4)
  A ghost moth zombie (Tar:3)
  A glowing orange brain (Depths:5)
  4 anaconda zombies
  4 shadow wraiths
  2 storm dragon skeletons
  A wolf spider zombie (Dis:1)
  3 swamp dragons
  11 anaconda skeletons
  14 shadow demons
  26 phantasmal warriors
  2 iron dragon zombies
  25 deep elf archers
  4 shadow dragon zombies
  2 golden dragon skeletons
  5 harpies
  11 ironbrand convokers
  5 wizards
  20 orc knights
  29 necromancers
  32 wolf spiders
  84 deep elf magi
  7 oklob plants
  5 cyclopes
  11 frost giant zombies
  4 manticores
  7 orc sorcerers
  11 shadow dragon skeletons
  2 shining eyes
  3 iron dragon skeletons (Tar:3)
  12 orb spiders
  7 stone giant zombies
  15 elephants
  2 fire giant zombies
  40 ugly things
  3 frost giant skeletons
  6 moths of wrath
  4 stone giant skeletons
  7 vault sentinels
  5 fire giant skeletons
  3 black mambas
  A molten gargoyle (Hell)
  4 dire elephant zombies
  2 torpor snails
  20 spiny frogs
  14 hellions
  5 gargoyles (Volcano)
  19 rust devils
  2 smoke demons (Hell)
  A yaktaur zombie (Hell)
  2 dire elephant skeletons
  A green draconian zombie (Crypt:1)
  A shock serpent skeleton (Tar:3)
  A rime drake (shapeshifter) (Vaults:1)
  11 demonic crawlers
  2 emperor scorpion zombies (Tar:3)
  A death yak zombie (Crypt:1)
  A rime drake (Lair:2)
  13 tormentors
  A redback zombie (Crypt:1)
  35 yaktaurs
  A black draconian zombie (Tar:4)
  12 komodo dragons
  3 swamp worm zombies (Swamp:4)
  18 ice devils
  16 hellwings
  8 hydra zombies
  26 freezing wraiths
  5 tengu conjurers
  2 harpy zombies
  3 meliai (Spider:3)
  A meliai (shapeshifter) (Vaults:2)
  13 red devils
  41 jumping spiders
  11 polar bears
  A queen bee (Spider:3)
  A tyrant leech (shapeshifter) (Elf:1)
  9 tyrant leeches
  5 trolls
  6 silent spectres
  A shadow dragon simulacrum (Depths:3)
  2 harpy skeletons
  59 hornets
  6 hippogriffs
  7 ettin zombies
  A hornet (shapeshifter) (Depths:2)
  6 spectral swamp dragons (Swamp:4)
  2 deep troll zombies (Hell)
  2 hydra skeletons
  2 ice dragon zombies
  14 blink frogs
  4 spriggan zombies (Hell)
  A human simulacrum (Vaults:2)
  95 slime creatures
  9 alligator zombies
  5 fire dragon zombies
  7 bog bodies
  11 dream sheep (Lair:5)
  2 fire dragon skeletons
  9 centaur simulacra
  122 flying skulls
  9 water elementals
  An alligator skeleton (Tar:6)
  39 shadows
  13 tarantellas
  2 air elementals
  6 ettin skeletons
  64 redbacks
  A basilisk (shapeshifter) (Vaults:4)
  4 wyverns
  An ice dragon skeleton (Tar:6)
  38 yaks
  18 spriggans
  33 wraiths
  A black mamba zombie (Crypt:3)
  An ushabti (Crypt:3)
  7 fire elementals
  A yak (shapeshifter) (Depths:4)
  Eustachio (D:4)
  A black mamba skeleton (Tar:1)
  A golden eye (shapeshifter) (Depths:5)
  3 basilisks
  A hog (Lair:5)
  4 hungry ghosts
  29 vampire mosquitoes
  A steam dragon (Lair:4)
  6 wargs
  A faun zombie (Crypt:1)
  12 swamp worms
  A glowing shapeshifter zombie (Crypt:1)
  7 insubstantial wisps (Swamp:4)
  A harpy simulacrum (D:15)
  6 acid dragons
  11 water moccasins
  31 hell hounds
  A torturous demonspawn skeleton (Crypt:1)
  A water moccasin (shapeshifter) (Vaults:1)
  A spiny frog zombie (Tar:6)
  Duvessa (D:6)
  7 porcupines
  3 swamp drakes
  8 ice beasts
  3 sky beasts
  3 black bears
  3 swamp dragon zombies (Swamp:4)
  An orc zombie (Vaults:2)
  30 necrophages
  7 snapping turtle zombies
  4 eyes of draining
  48 orc warriors
  17 phantoms
  3 spiny frog skeletons
  15 wolves
  5 boggarts
  An ettin simulacrum (Tar:6)
  48 ogres
  An ogre (shapeshifter) (Depths:2)
  19 centaurs
  4 human skeletons
  3 snapping turtle skeletons
  14 crocodiles
  2 swamp dragon skeletons
  Blork the orc (D:4)
  A rime drake skeleton (Crypt:1)
  5 big kobolds
  16 bullfrogs
  2 gnoll sergeants (D:9)
  Dowan (D:6)
  A wyvern zombie (D:12)
  An earth elemental (Elf:2)
  A deep troll simulacrum (Vaults:2)
  11 wyvern skeletons
  A water moccasin skeleton (D:7)
  5 scorpions
  29 killer bees
  54 wights
  2 howler monkeys
  2 spriggan skeletons (Volcano)
  A troll skeleton (Volcano)
  5 electric eels
  14 crimson imps
  5 centaur zombies
  10 hounds
  3 human zombies
  4 jellies
  17 orc priests
  A quasit (D:9)
  27 orc wizards
  4 centaur skeletons
  9 iron imps
  5 iguanas
  Ijyb (D:4)
  4 hell rats (Hell)
  5 worker ants
  3 dwarf zombies (Crypt:2)
  2 naga skeletons (Volcano)
  A hound skeleton (D:4)
  5 mummies
  11 gnolls
  A howler monkey skeleton (D:8)
  7 adders
  28 shadow imps
  7 white imps (D:13)
  An ufetubus (D:13)
  3 oozes
  An adder zombie (D:7)
  5 worms
  3 dart slugs
  5 leopard geckos
  108 orcs
  A ball python (D:3)
  5 giant cockroaches
  A gnoll zombie (Crypt:1)
  8 goblins
  7 hobgoblins
  18 jackals
  2 quokkas (D:8)
  13 bats
  4 frilled lizards
  A giant cockroach zombie (D:6)
  21 kobolds
  A kobold zombie (Tar:4)
  A leopard gecko zombie (D:8)
  An orc skeleton (Tar:5)
  A quokka zombie (D:7)
  13 rats
  5 crawling corpses
  A fungus (Lair:3)
  2 plants
  2 withered plants (Crypt:3)
3249 creatures vanquished.

Vanquished Creatures (collateral kills)
  A bone dragon (Tar:6)
  3 reapers
  A lorocyproca (Hell)
  A soul eater (Hell)
  An anaconda zombie (Tar:6)
  A rust devil (Dis:3)
  An iron dragon skeleton (Hell)
  An ice devil (Tar:6)
  2 hydra zombies (Hell)
  A hydra skeleton (Hell)
  2 water elementals (Hell)
  2 spiny frog zombies (Hell)
  2 hell hounds (Dis:3)
  A spiny frog simulacrum (Hell)
20 creatures vanquished.

Vanquished Creatures (others)
  A titan (Crypt:3)
  A deep elf master archer (Slime:2)
  A dancing weapon (Elf:1)
  A deep elf knight (Elf:1)
  A deep elf mage (Crypt:3)
  A deep elf archer (Crypt:3)
  A freezing wraith (Crypt:3)
  A hydra zombie (Swamp:4)
  4 humans (Lair:5)
  A killer bee (Spider:3)
  An orc wizard (Orc:2)
  A briar patch (Swamp:3)
  13 fungi
  27 plants
  6 withered plants (Crypt:3)
61 creatures vanquished.

Grand Total: 3330 creatures vanquished

Notes
Turn   | Place    | Note
-------+----------+-------------------------------------------
     0 | D:1      | gruber the Centaur Hunter began the quest for the Orb.
     0 | D:1      | Reached XP level 1. HP: 17/17 MP: 1/1
   261 | D:1      | Reached XP level 2. HP: 24/24 MP: 2/2
  1161 | D:1      | Reached XP level 3. HP: 18/29 MP: 3/3
  1332 | D:2      | You fall into a shaft and drop 2 floors!
  1332 | D:4      | Noticed an ogre
  1386 | D:4      | Killed an ogre
  1386 | D:4      | Reached XP level 4. HP: 19/36 MP: 4/4
  1592 | D:4      | Identified the +6 spear "Udiwky" {vorpal, +Blink}
  1849 | D:4      | Noticed Eustachio
  1913 | D:4      | Noticed a bullfrog
  1940 | D:4      | Noticed Blork the orc
  1958 | D:5      | Entered Level 5 of the Dungeon
  2238 | D:5      | Reached XP level 5. HP: 41/41 MP: 5/5
  2509 | D:5      | Found a staircase to the Ecumenical Temple.
  2614 | Temple   | Entered the Ecumenical Temple
  2771 | Temple   | Became a worshipper of Warmaster Okawaru
  2811 | D:5      | Found a sparkling altar of Nemelex Xobeh.
  2926 | D:5      | Reached skill level 1 in Polearms
  3336 | D:4      | Reached XP level 6. HP: 9/48 MP: 6/6
  3604 | D:4      | Killed Eustachio
  3815 | D:4      | Reached * piety under Okawaru
  4028 | D:4      | Got a crude scale mail
  4030 | D:4      | Identified the +4 scale mail "Nammolesk" {rElec Int+4} (You
                  | found it on level 4 of the Dungeon)
  4118 | D:4      | Noticed Ijyb
  4135 | D:4      | Reached XP level 7. HP: 55/55 MP: 7/7
  4153 | D:4      | Killed Ijyb
  4153 | D:4      | Reached skill level 1 in Armour
  4386 | D:4      | Killed Blork the orc
  5754 | D:2      | Found a radiant altar of Vehumet.
  5956 | D:2      | Found a stormy altar of Qazlal.
  6645 | D:6      | Noticed Dowan
  6646 | D:6      | Noticed Duvessa
  6661 | D:6      | Killed Duvessa
  6661 | D:6      | Reached ** piety under Okawaru
  6661 | D:6      | Reached XP level 8. HP: 50/61 MP: 8/8
  6668 | D:6      | Killed Dowan
  7243 | D:6      | Found Zeakiner's Weapon Shoppe.
  7324 | D:7      | Reached skill level 5 in Armour
  7544 | D:7      | Reached skill level 10 in Bows
  8009 | D:7      | Reached *** piety under Okawaru
  8095 | D:7      | Reached XP level 9. HP: 49/67 MP: 9/9
  8259 | D:7      | Received a gift from Okawaru
  8757 | D:8      | Received a gift from Okawaru
  9623 | D:8      | Paralysed by a hornet for 1 turns
 10045 | D:9      | Reached **** piety under Okawaru
 10064 | D:9      | Reached skill level 15 in Bows
 10099 | D:9      | Reached XP level 10. HP: 61/73 MP: 10/10
 10246 | D:9      | Noticed a two-headed ogre
 10307 | D:9      | Killed a two-headed ogre
 10307 | D:9      | Reached ***** piety under Okawaru
 10307 | D:9      | Received a gift from Okawaru
 11481 | D:9      | Received a gift from Okawaru
 11845 | D:9      | Found a staircase to the Lair.
 11904 | D:8      | Noticed a rust devil
 11904 | D:8      | Noticed a rust devil
 12102 | D:10     | Entered Level 10 of the Dungeon
 12156 | D:10     | Found a portal to a secret trove of treasure.
 12241 | D:10     | Found an iron altar of Okawaru.
 12268 | D:10     | Found a white marble altar of Elyvilon.
 12850 | D:10     | Noticed a two-headed ogre
 12903 | D:10     | Killed a two-headed ogre
 13624 | D:11     | Reached XP level 11. HP: 75/79 MP: 11/11
 13675 | D:11     | Found a transporter.
 13684 | D:11     | Found a transporter.
 13686 | D:11     | Noticed an orc high priest
 13686 | D:11     | Noticed an orc high priest
 13759 | D:11     | Noticed Josephine
 13802 | D:11     | Killed Josephine
 13802 | D:11     | Received a gift from Okawaru
 14058 | D:11     | Got a scorched spear
 14059 | D:11     | Identified the +9 spear of Callousness {elec, rC+ rN+
                  | MR+++} (You found it on level 11 of the Dungeon)
 14220 | D:11     | Noticed a brown ugly thing
 14252 | D:11     | Noticed a two-headed ogre
 14254 | D:11     | Found a roughly hewn altar of Beogh.
 14334 | D:11     | Killed a brown ugly thing
 14519 | D:11     | Noticed a two-headed ogre
 14545 | D:11     | Killed a two-headed ogre
 14545 | D:11     | Received a gift from Okawaru
 14962 | D:11     | You fall into a shaft and drop 1 floor!
 15296 | D:12     | Received a gift from Okawaru
 15640 | D:12     | Noticed Erolcha
 15665 | D:12     | Killed Erolcha
 15924 | D:13     | Noticed a skeletal warrior
 15924 | D:13     | Noticed a skeletal warrior
 15982 | D:12     | Killed a skeletal warrior
 16161 | D:13     | Noticed a deep elf mage
 16163 | D:13     | Killed a deep elf mage
 16620 | D:13     | Killed an unseen horror
 16620 | D:13     | Reached XP level 12. HP: 67/85 MP: 12/12
 16928 | D:13     | Noticed a two-headed ogre
 16995 | D:13     | Killed a two-headed ogre
 16995 | D:13     | Received a gift from Okawaru
 17423 | D:13     | Reached ****** piety under Okawaru
 17571 | D:13     | Noticed a centaur warrior
 17600 | D:13     | Killed a centaur warrior
 18320 | D:13     | Reached skill level 5 in Fighting
 18415 | D:13     | Noticed a death yak
 18435 | D:13     | Killed a death yak
 18874 | D:11     | Received a gift from Okawaru
 18972 | D:11     | Found a staircase to the Orcish Mines.
 19185 | Lair:1   | Entered Level 1 of the Lair of Beasts
 19417 | Lair:1   | Got a fine ring mail
 19418 | Lair:1   | Identified the cursed +1 ring mail of Tustrav {rElec Str+4}
                  | (You found it on level 1 of the Lair of Beasts)
 19949 | Lair:1   | Reached XP level 13. HP: 97/107 MP: 13/13
 21037 | Lair:2   | Received a gift from Okawaru
 21235 | Lair:2   | HP: 4/111 [acid (19)]
 21570 | Lair:2   | Received a gift from Okawaru
 22044 | Lair:3   | Found a dark tunnel.
 22095 | Volcano  | Entered a volcano
 22388 | Volcano  | Reached skill level 10 in Fighting
 23685 | Lair:3   | Learned a level 3 spell: Portal Projectile
 23793 | Lair:3   | Found a hole to the Spider Nest.
 24095 | Lair:3   | Found a staircase to the Swamp.
 24681 | Lair:4   | Received a gift from Okawaru
 24799 | Lair:4   | Got a crude glaive {god gift}
 24800 | Lair:4   | Identified the +2 glaive of Classification {vorpal, rN+}
                  | (Okawaru gifted it to you on level 4 of the Lair of Beasts)
 25314 | Lair:4   | Reached skill level 5 in Dodging
 26029 | Lair:5   | Noticed Kirke
 26095 | Lair:5   | Killed Kirke
 26095 | Lair:5   | Received a gift from Okawaru
 26237 | Lair:5   | Reached XP level 14. HP: 124/124 MP: 14/14
 26903 | Lair:5   | Found a viscous altar of Jiyva.
 26904 | Lair:5   | Found a staircase to the Slime Pits.
 27053 | Lair:5   | Received a gift from Okawaru
 27903 | Lair:5   | Noticed Sonja
 27907 | Lair:5   | Killed Sonja
 27907 | Lair:5   | Received a gift from Okawaru
 28272 | Lair:6   | Entered Level 6 of the Lair of Beasts
 28399 | Lair:6   | Paralysed by a hornet for 2 turns
 28782 | Lair:6   | Received a gift from Okawaru
 29491 | Lair:6   | Received a gift from Okawaru
 31076 | Lair:6   | Noticed Rupert
 31088 | Lair:6   | Killed Rupert
 31088 | Lair:6   | Reached XP level 15. HP: 129/129 MP: 7/15
 31626 | Orc:1    | Entered Level 1 of the Orcish Mines
 32085 | Orc:1    | Reached skill level 5 in Polearms
 32089 | Orc:1    | Received a gift from Okawaru
 32104 | Orc:1    | Got a steaming centaur barding {god gift}
 32105 | Orc:1    | Identified the +0 centaur barding of Impatience {rC+++
                  | Str-4 Int-2 Dex+2} (Okawaru gifted it to you on level 1 of
                  | the Orcish Mines)
 32706 | Orc:2    | Entered Level 2 of the Orcish Mines
 32706 | Orc:2    | Found Sunariju's Antique Armour Shoppe.
 32734 | Orc:2    | Bought the -2 hat of the Alchemist {rElec rPois rF+ rC+ rN+
                  | MR+ rMut rCorr} for 1510 gold pieces
 32734 | Orc:2    | Found the -2 hat of the Alchemist {rElec rPois rF+ rC+ rN+
                  | MR+ rMut rCorr}
 32818 | Orc:2    | Found a staircase to the Elven Halls.
 33310 | Orc:2    | Found a roughly hewn altar of Beogh.
 33962 | Orc:2    | Found Afomesk's Antique Armour Shop.
 33962 | Orc:2    | Found Xeequvev's Distillery.
 33966 | Orc:2    | Found Lumiutaq's Assorted Antiques.
 33966 | Orc:2    | Found Dulumn's Distillery.
 34004 | Orc:2    | Bought a pair of embroidered gloves for 277 gold pieces
 34715 | D:14     | Found a shattered altar of Ashenzari.
 34753 | D:14     | You fall into a shaft and drop 1 floor!
 34753 | D:15     | Entered Level 15 of the Dungeon
 35211 | D:15     | Found a blossoming altar of Fedhas.
 35290 | D:15     | Found a staircase to the Depths.
 35290 | D:15     | Noticed a fire giant
 35604 | D:15     | Killed a fire giant
 35604 | D:15     | Received a gift from Okawaru
 35607 | D:15     | Got a heavily runed cloak {god gift}
 35613 | D:15     | Identified the +0 cloak of Okawaru's Benevolence {Stlth+}
                  | (Okawaru gifted it to you on level 15 of the Dungeon)
 35731 | D:15     | Found Causchis's General Store.
 35945 | D:15     | Reached skill level 10 in Polearms
 36320 | D:15     | Found a runed translucent gate.
 36320 | D:15     | Found a runed translucent gate.
 36320 | D:15     | Found a runed translucent gate.
 36447 | D:15     | Noticed a deep elf sorcerer
 36454 | D:15     | Killed a deep elf sorcerer
 36563 | D:15     | Learned a level 1 spell: Apportation
 36711 | D:15     | Noticed lorenzova's ghost (journeyman DECj)
 36934 | D:15     | Killed lorenzova's ghost
 37043 | D:15     | Got the ring of the Cockatrice {Fire}
 37045 | D:15     | Identified the ring of the Cockatrice {Fire Dex+5} (You
                  | found it on level 15 of the Dungeon)
 37112 | D:14     | Reached skill level 1 in Invocations
 37284 | Spider:1 | Entered Level 1 of the Spider Nest
 37286 | Spider:1 | Reached XP level 16. HP: 137/137 MP: 15/17
 37363 | Spider:1 | Received a gift from Okawaru
 37657 | Spider:1 | Reached skill level 5 in Invocations
 37950 | Spider:1 | Received a gift from Okawaru
 38069 | Spider:1 | Received a gift from Okawaru
 39593 | Spider:3 | Received a gift from Okawaru
 39915 | Spider:3 | Received a gift from Okawaru
 40201 | Spider:3 | Identified a scroll of acquirement
 40202 | Spider:3 | Acquired a +1 longbow of freezing
 40471 | Spider:4 | Entered Level 4 of the Spider Nest
 40517 | Spider:4 | Received a gift from Okawaru
 41554 | Spider:4 | Acquired the ring of Kiaducor {rF+ rC+}
 42259 | Spider:4 | Reached XP level 17. HP: 138/152 MP: 14/23
 43010 | Spider:4 | Received a gift from Okawaru
 43032 | Spider:4 | Reached skill level 15 in Fighting
 43284 | Spider:4 | Got a gossamer rune of Zot
 43800 | D:14     | Found an iron altar of Okawaru.
 44617 | D:14     | Got a brightly glowing chain mail
 44676 | D:14     | Received a gift from Okawaru
 44996 | D:14     | Found a gate to the Vaults.
 45216 | Vaults:1 | Entered Level 1 of the Vaults
 46252 | Vaults:1 | Received a gift from Okawaru
 46781 | Vaults:1 | Reached XP level 18. HP: 109/171 MP: 24/24
 47065 | Vaults:1 | Received a gift from Okawaru
 47495 | Vaults:1 | Noticed Donald
 47660 | Vaults:1 | Killed Donald
 47660 | Vaults:1 | Received a gift from Okawaru
 47667 | Vaults:1 | Identified the cursed +1 chain mail "Tuugga" {Int+7} (You
                  | found it on level 14 of the Dungeon)
 50409 | Vaults:2 | Found a staircase to the Crypt.
 51081 | Vaults:2 | Received a gift from Okawaru
 51614 | Vaults:2 | Received a gift from Okawaru
 51639 | Vaults:2 | Found a blossoming altar of Fedhas.
 52978 | Vaults:3 | Reached XP level 19. HP: 164/185 MP: 25/25
 53010 | Vaults:3 | Received a gift from Okawaru
 53315 | Vaults:3 | Noticed a Brimstone Fiend
 53323 | Vaults:3 | Noticed a Tzitzimitl
 53856 | Vaults:3 | Noticed a lich
 53860 | Vaults:3 | Killed a lich
 54127 | Vaults:3 | Reached skill level 10 in Armour
 54432 | Vaults:3 | Reached skill level 1 in Hexes
 54432 | Vaults:3 | Reached skill level 1 in Translocations
 54544 | Vaults:3 | Received a gift from Okawaru
 55171 | Vaults:3 | Got a shimmering shortbow {god gift}
 55172 | Vaults:3 | Identified the +5 shortbow of the Hidden Leylines {flame,
                  | rElec rC+ MR- Int+6} (Okawaru gifted it to you on level 3
                  | of the Vaults)
 55866 | Vaults:4 | Reached skill level 5 in Hexes
 55869 | Vaults:4 | Reached skill level 5 in Translocations
 56563 | Vaults:4 | Found Timaur's Jewellery Shoppe.
 56984 | Vaults:4 | Received a gift from Okawaru
 57530 | Vaults:4 | Reached XP level 20. HP: 167/192 MP: 26/26
 57665 | Vaults:4 | Received a gift from Okawaru
 57669 | Vaults:4 | Got a heavily runed scale mail {god gift}
 57670 | Vaults:4 | Identified the +2 scale mail "Cicij" {Regen+ Str+3}
                  | (Okawaru gifted it to you on level 4 of the Vaults)
 58606 | Depths:1 | Entered Level 1 of the Depths
 58612 | Depths:1 | Noticed Asterion
 58629 | Depths:1 | Killed Asterion
 58685 | Depths:1 | Found a gateway to Hell.
 58751 | Depths:1 | Noticed Sojobo
 58828 | Depths:1 | Killed Sojobo
 59797 | Depths:2 | Noticed Saint Roka
 59810 | Depths:2 | Killed Saint Roka
 60300 | Depths:2 | Received a gift from Okawaru
 60421 | Depths:2 | Noticed a juggernaut
 60450 | Depths:2 | Killed a juggernaut
 60923 | Depths:2 | Received a gift from Okawaru
 61109 | Depths:2 | Found Vueqedis's Jewellery Shoppe.
 61275 | Depths:2 | Learned a level 2 spell: Song of Slaying
 61618 | Depths:3 | Reached skill level 1 in Charms
 61626 | Depths:3 | Reached XP level 21. HP: 200/200 MP: 27/27
 61649 | Depths:3 | Received a gift from Okawaru
 61799 | Depths:3 | Received a gift from Okawaru
 61912 | Depths:3 | Reached skill level 5 in Charms
 62020 | Depths:3 | Received a gift from Okawaru
 62169 | Depths:3 | Identified the +5 chain mail of Inviolability {*Drain rElec
                  | Str+2 Dex+3}
 62259 | Depths:3 | Received a gift from Okawaru
 62322 | Depths:3 | Found a one-way gate leading to the halls of Pandemonium.
 62369 | Depths:3 | Found a gateway to a ziggurat.
 62498 | Depths:3 | Reached skill level 1 in Spellcasting
 63512 | Depths:4 | Reached skill level 5 in Spellcasting
 63667 | Depths:4 | Noticed a golden dragon
 63675 | Depths:4 | Killed a golden dragon
 63916 | Depths:4 | Received a gift from Okawaru
 63917 | Depths:4 | Found the +3 crown of Dyrovepreva {rElec Int+2 SInv}
 64309 | Depths:4 | Found a one-way gate to the infinite horrors of the Abyss.
 64577 | Depths:5 | Entered Level 5 of the Depths
 64630 | Depths:5 | Noticed a juggernaut
 64645 | Depths:5 | Killed a juggernaut
 64700 | Depths:5 | Reached XP level 22. HP: 133/208 MP: 27/34
 65782 | Depths:5 | Reached skill level 10 in Spellcasting
 66441 | Depths:5 | Received a gift from Okawaru
 66529 | Depths:5 | Found a gate to the Realm of Zot.
 67088 | Swamp:1  | Entered Level 1 of the Swamp
 67212 | Swamp:1  | Noticed Louise
 67221 | Swamp:1  | Killed Louise
 67290 | Swamp:1  | Noticed Aizul
 67303 | Swamp:1  | Killed Aizul
 68740 | Swamp:2  | Received a gift from Okawaru
 69200 | Swamp:3  | Received a gift from Okawaru
 69209 | Swamp:3  | Got a glimmering centaur barding {god gift}
 69210 | Swamp:3  | Identified the +4 centaur barding "Everaz" {Int+5 SInv}
                  | (Okawaru gifted it to you on level 3 of the Swamp)
 69257 | Swamp:3  | Reached skill level 15 in Armour
 69908 | Swamp:3  | Identified Erezet's Compendium of the Captivating Volcanoes
 70194 | Swamp:4  | Entered Level 4 of the Swamp
 70215 | Swamp:4  | Paralysed by a hornet for 1 turns
 71316 | Swamp:4  | Reached XP level 23. HP: 145/214 MP: 35/37
 71462 | Swamp:4  | HP: 6/214 [five-headed hydra zombie (11)]
 71683 | Swamp:4  | Got a decaying rune of Zot
 72055 | Elf:1    | Entered Level 1 of the Elven Halls
 72303 | Elf:1    | Found Nicziope's Gadget Emporium.
 72307 | Elf:1    | Found Pameggup's Jewellery Shoppe.
 72308 | Elf:1    | Found Zosifymp's Magic Scroll Emporium.
 72314 | Elf:1    | Bought a cursed amulet of inaccuracy for 22 gold pieces
 72440 | Elf:1    | Found Dasu's Book Shop.
 72447 | Elf:1    | Learned a level 5 spell: Aura of Abjuration
 72723 | Elf:1    | Received a gift from Okawaru
 72733 | Elf:1    | Got an ancient centaur barding {god gift}
 72734 | Elf:1    | Identified the +4 centaur barding of the Land of Plenty
                  | {rC+++ Str-3 Dex+6} (Okawaru gifted it to you on level 1 of
                  | the Elven Halls)
 73594 | Elf:2    | Found a runed translucent gate.
 73594 | Elf:2    | Found a runed translucent gate.
 73607 | Elf:2    | Found a runed translucent gate.
 73709 | Elf:2    | Reached XP level 24. HP: 224/224 MP: 37/37
 74314 | Elf:3    | Entered Level 3 of the Elven Halls
 74849 | Elf:3    | Received a gift from Okawaru
 75009 | Elf:3    | Identified the ring "Yrasiuso" {rElec rPois MP+9 Str+5
                  | Dex+6}
 75133 | Elf:3    | Received a gift from Okawaru
 75161 | Elf:3    | Identified the amulet "Cietyg" {RegenMP rN+}
 75246 | Elf:3    | Received a gift from Okawaru
 75291 | Elf:3    | Identified the +0 leather armour of Muttered Phrases {rElec
                  | rF+ Regen+ Dex+3}
 75304 | Elf:3    | Identified the +2 ring mail "Hero's Friend" {SInv}
 75512 | Elf:3    | Identified the Grimoire of Flamy Transformation
 75515 | Elf:3    | Identified Further Progress in Secret Knowledge
 75657 | Elf:3    | Noticed Roxanne
 75668 | Elf:3    | Killed Roxanne
 76215 | Crypt:1  | Entered Level 1 of the Crypt
 76238 | Crypt:1  | Reached XP level 25. HP: 225/235 MP: 37/37
 76707 | Temple   | Fell from the grace of Okawaru
 76707 | Temple   | Became a worshipper of the Shining One
 77068 | Crypt:1  | Reached * piety under the Shining One
 77300 | Crypt:1  | Reached ** piety under the Shining One
 77650 | Crypt:2  | Reached *** piety under the Shining One
 77906 | Crypt:2  | Reached **** piety under the Shining One
 78049 | Crypt:2  | Reached ***** piety under the Shining One
 78911 | Crypt:3  | Entered Level 3 of the Crypt
 79207 | Crypt:3  | Noticed Margery
 79209 | Crypt:3  | Reached ****** piety under the Shining One
 79210 | Crypt:3  | Identified a +9 longbow of holy wrath (a +9 longbow of
                  | flaming blessed by the Shining One)
 79210 | Crypt:3  | Received a gift from the Shining One
 79223 | Crypt:3  | Killed Margery
 79415 | Crypt:3  | Noticed Frederick
 79423 | Crypt:3  | Killed Frederick
 79718 | Crypt:3  | Found an ancient bone altar of Kikubaaqudgha.
 80202 | Crypt:3  | Noticed an ancient lich
 80231 | Crypt:3  | Killed an ancient lich
 80661 | Crypt:3  | Identified the Incunabulum of Displaced Hexes
 80665 | Crypt:3  | Identified Further Steps in Wizardry
 80667 | Crypt:3  | Identified the Papyrus of Companions
 80681 | Crypt:3  | Identified the Collected Works on Evil
 81380 | Crypt:3  | Found a staircase to the Tomb.
 81840 | Crypt:3  | Identified Jituoh's Almanac of Battle Magic
 82085 | Crypt:3  | Identified the Papyrus of Toxic Summoning
 82091 | Crypt:3  | Learned a level 2 spell: Blink
 82564 | Slime:1  | Entered Level 1 of the Pits of Slime
 83334 | Slime:2  | Reached skill level 10 in Invocations
 85671 | Hell     | Entered the Vestibule of Hell
 85671 | Hell     | Noticed Geryon
 85696 | Hell     | Killed Geryon
 85704 | Hell     | Reached XP level 26. HP: 178/244 MP: 23/37
 85929 | Hell     | Found a gateway to the ashen valley of Gehenna.
 85962 | Hell     | Found a gateway to the decaying netherworld of Tartarus.
 86098 | Hell     | Found a gateway to the freezing wastes of Cocytus.
 86144 | Hell     | Found a gateway to the Iron City of Dis.
 86331 | Tar:1    | Entered Level 1 of Tartarus
 86605 | Tar:1    | Was forgiven by Okawaru
 87106 | Tar:1    | Reached skill level 15 in Invocations
 89330 | Tar:3    | You fall into a shaft and drop 2 floors!
 89361 | Tar:5    | Reached XP level 27. HP: 246/250 MP: 37/37
 92976 | Tar:4    | You fall into a shaft and drop 1 floor!
 96546 | Dis:1    | Entered Level 1 of the Iron City of Dis
 98470 | Dis:2    | You fall into a shaft and drop 1 floor!
 98614 | Dis:3    | Reached skill level 15 in Polearms
 98807 | Dis:3    | Killed from afar by an ancient champion

Illustrated notes

Levels and vault maps discovered:
D:1:      ebering_trefoil_3fold, layout_basic, minmay_tromino_v2
D:2:      layout_rooms, overflow_temple_1_default, first_ration,
          grunt_decor_fettered, nicolae_qazlal_general_emergency
D:3:      layout_basic
D:4:      layout_loops_ring, st_stairs_12, kennysheep_small_circle,
          uniq_blork_the_orc, uniq_ijyb, uniq_eustachio
D:5:      layout_basic, temple_pool_b, nemelex_altar_shiori
D:6:      layout_basic, serial_shops, kennysheep_little_box, uniq_duvessa
D:7:      layout_rooms
D:8:      cheibrodos_iron_armory, layout_basic
D:9:      layout_gridville, erik_lair_dragon, grunt_ogre_cave,
          minmay_misc_feat_rows, serial_bayou_ford_a, minmay_misc_feat_tiny
D:10:     layout_roguey, basic_altar, enter_trove_0,
          eino_small_chamber_without_monster, elyvilon_altar_4
D:11:     gammafunk_beogh_shrine, layout_irregular_city, orc_0_dummy,
          uniq_josephine
D:12:     layout_roguey, uniq_erolcha
D:13:     layout_roguey, serial_ice, serial_ice_c, serial_ice_m, serial_ice_h,
          serial_ice_k, serial_ice_e, serial_ice_f,
          portal_ice_cave_entry_pillars_1
D:14:     layout_roguey, hangedman_vaults_entry_quadrant_bands, fountainhead,
          hangedman_feature_mirror
D:15:     grunt_enter_depths_giant_problem, layout_gridville, fedhas_altar_2,
          gammafunk_ghost_icy, serial_shops, shop, hive_lemuel
Temple:   roderic_octagonal_lattice_temple
Lair:1:   layout_loops_ring, st_stairs_9, grunt_megastairs_3
Lair:2:   minmay_lair_oklob_tunnel, layout_regular_city, lemuel_fruit_fields
Lair:3:   layout_small_grid, swamp_mist_pool, spider_nest_entry_a,
          nicolae_volcano_entry_two_sided, minivault_24, beast_lair_carwin_2
Lair:4:   layout_cellular_growth, grunt_forest_stairs_clearing,
          infiniplex_staircase_pool_2, lemuel_fruit_tree
Lair:5:   layout_regular_city, slime_altar_1, minmay_lair_oklob_chamber,
          uniq_kirke, uniq_sonja
Lair:6:   gammafunk_lair_ancient_temple, layout_cave_pods,
          cheibrodos_lair_lostbears, uniq_rupert
Swamp:1:  layout_basic_swamp, serial_swamp_ruin, hangedman_swamp_ruin_hall,
          evilmike_swamp_ruin_house_6, evilmike_swamp_ruin_house_2, uniq_louise,
          uniq_aizul
Swamp:2:  layout_basic_swamp, evilmike_swamp_ruin_house_5
Swamp:3:  layout_falls_marsh, hangedman_swamp_pad
Swamp:4:  swamp_pestilence, layout_basic_swamp, swamp_pool5
Spider:1: layout_spider_delve, drop_trap, guppyfry_spider_mini_1
Spider:2: layout_spider_delve
Spider:3: layout_spider_delve, special_room [special_room_bee]
Spider:4: spider_rune_water, spiders_nest_hornet_nest
Slime:1:  layout_caves
Slime:2:  layout_caves
Slime:3:  layout_caves
Orc:1:    layout_diamond_mine, serial_shops
Orc:2:    grunt_orc_tribal_feast, layout_diamond_mine, serial_shops,
          nicolae_shop_overgrown_old_shop, mines1_david
Elf:1:    minmay_elf_arrival_circle, layout_geoelf_diagonals, serial_shops,
          shop, minivault_28, minmay_misc_feat_cross, grunt_ministairs_13,
          minmay_shop_star
Elf:2:    layout_geoelf_octagon
Elf:3:    minmay_elf_hall_statues, layout_geoelf_octagon, uniq_roxanne
Vaults:1: vaults_standard_mumra_lines, nicolae_vaults_octagons,
          hangedman_vaults_stream, v_misc_9, hangedman_vaults_unwind,
          vaults_room_fours, vaults_room_pools,
          hangedman_vaults_stretched_pinwheel, v_misc_15, layout_vaults_omnibox,
          uniq_donald
Vaults:2: v_alt_pattern_1, nicolae_vaults_little_squares_5, v_rooms_6,
          hangedman_vaults_stagger, hangedman_vaults_maws,
          hangedman_vaults_corner_blocks, blue_anna_dwarven_crypt,
          hangedman_vaults_cutoff, nicolae_vaults_angled_halls,
          vaults_dpeg_cross, nicolae_vaults_little_squares_4,
          dpeg_vaults_monster_row, hangedman_vaults_slice,
          hangedman_vaults_stretched_pinwheel, layout_vaults_ring, basic_altar,
          serial_shops, bzr_in_the_mist
Vaults:3: v_misc_1, ontoclasm_vaults_ring_square, dpeg_vaults_monster_doublerow,
          nicolae_vaults_what_the_h, nicolae_vaults_rhombus_6, v_misc_19,
          v_misc_25, ontoclasm_vaults_ring_large, vaults_mumra_minichess,
          grunt_vaults_funnel, vaults_dpeg_spiral, ontoclasm_vaults_ligature,
          v_pattern_1, vaults_standard_mumra_enter_the_diamond,
          nicolae_vaults_specimen_jars, vaults_dpeg_ring,
          layout_vaults_maze_snakey
Vaults:4: v_misc_30, v_misc_4, hangedman_vaults_variations, v_pattern_2,
          grunt_vaults_hallway_short, nicolae_vaults_statue_guard,
          hangedman_vaults_trim, ontoclasm_vaults_pinch, layout_vaults_omnigrid,
          serial_shops, shop
Crypt:1:  layout_rooms
Crypt:2:  layout_regular_city, grunt_megastairs_1
Crypt:3:  evilmike_haunted_forest, uniq_margery, uniq_frederick
Depths:1: layout_basic, hangedman_coc_ice_floe, corexii_hall_statues_l,
          kennysheep_generic_room_16, uniq_sojobo, uniq_asterion
Depths:2: evilmike_cross, layout_cave_shapes, serial_sigils_hangedman_scar,
          grunt_metal_band, serial_shops, shop, minmay_misc_feat_plants,
          uniq_saint_roka
Depths:3: kennysheep_ogre_elephant_herders, layout_basic, enter_ziggurat_a,
          rand_demon_pan_entry_7, serial_bayou_pond_a, hell_entry,
          infiniplex_staircase_x
Depths:4: wad_guarded_room, layout_basic, abyss_entry, pf_dread_powers_of_hell,
          nicolae_benzene_ring
Depths:5: grunt_zot_entry_gee_three, layout_gridlike, hell_entry, pan_entry,
          minmay_misc_feat_chi, minmay_door_square, serial_bayou_shore_b
Hell
Dis:1:    layout_jigsaw
Dis:2:    layout_gridville, hangedman_dis_decor_blocks_crown
Dis:3:    layout_regular_city, grunt_megastairs_2
Tar:1:    layout_grid_maze
Tar:2:    layout_catacombs
Tar:3:    layout_grid_maze
Tar:4:    layout_catacombs
Tar:5:    layout_catacombs
Tar:6:    layout_grid_maze

Skill      XL: |  1  2  3  4  5  6  7  8  9 10 11 12 13 14 15 16 17 18 19 20 21 22 23 24 25 26 27 |
---------------+----------------------------------------------------------------------------------+-----
Bows           | 6 8 11 15 18 21 22 25 | 25.2
Polearms       | 2 4 11 15 | 15.4
Armour         | 4 5 6 8 9 10 13 15 16 17 | 17.7
Fighting       | 8 11 14 17 20 21 | 21.3
Dodging        | 5 9 |  9.1
Invocations    | 1 8 12 19 25 | 25.8
Hexes          | 7 |  7.1
Translocations | 7 |  7.1
Charms         | 1 7 |  7.4
Spellcasting   | 8 10 | 10.0
Summonings     | 2 |  2.2
Stealth        | |  0.4

Action                   |  1- 3 |  4- 6 |  7- 9 | 10-12 | 13-15 | 16-18 | 19-21 | 22-24 | 25-27 || total
-------------------------+-------+-------+-------+-------+-------+-------+-------+-------+-------++-------
Melee: Short sword       |    81 |       |       |       |       |       |       |       |       ||    81
       Kick              |    13 |     7 |    26 |    55 |    94 |     8 |     4 |   140 |   254 ||   601
       Spear             |       |    59 |   173 |   195 |   415 |    43 |    20 |   346 |   257 ||  1508
       Flail             |       |     6 |       |       |       |       |       |       |       ||     6
       Trident           |       |       |    42 |    20 |       |       |       |       |       ||    62
       Punch             |       |       |       |     1 |     1 |       |     1 |     7 |       ||    10
       Bardiche          |       |       |       |       |       |       |       |       |   352 ||   352
 Fire: Shortbow          |    13 |    86 |   358 |   900 |    81 |       |       |       |       ||  1438
       Longbow           |       |       |       |   112 |  1090 |  1844 |  1653 |  1271 |  2539 ||  8509
 Cast: Apportation       |       |       |       |       |     1 |       |     1 |    15 |    51 ||    68
       Song of Slaying   |       |       |       |       |       |       |    17 |    40 |     1 ||    58
       Blink             |       |       |       |       |       |       |       |       |     4 ||     4
       Portal Projectile |       |       |       |       |       |       |       |       |     4 ||     4
Invok: Heroism           |       |       |       |     7 |     9 |    11 |    17 |    13 |       ||    57
       Finesse           |       |       |       |       |     4 |     4 |     8 |     7 |       ||    23
       Cleansing Flame   |       |       |       |       |       |       |       |       |   105 ||   105
       Divine Shield     |       |       |       |       |       |       |       |       |    10 ||    10
       Brand Weapon With |       |       |       |       |       |       |       |       |     1 ||     1
       Summon Divine War |       |       |       |       |       |       |       |       |     3 ||     3
Evoke: Wand              |       |       |       |       |       |     6 |     5 |       |       ||    11
  Use: Scroll            |       |     2 |     2 |     9 |    11 |    10 |    15 |     4 |     9 ||    62
       Potion            |       |     2 |       |     2 |       |       |       |     5 |     4 ||    13
 Stab: Sleeping          |       |     1 |       |       |       |     2 |       |       |       ||     3
       Invisible         |       |       |       |     2 |       |       |       |       |       ||     2
  Eat: Chunk             |     1 |     4 |    14 |    22 |    35 |    33 |    26 |    22 |    10 ||   167
       Ration            |       |     1 |       |     1 |     3 |     2 |     1 |     2 |    19 ||    29
Armor: Leather armour    |     8 |       |       |       |       |       |       |       |       ||     8
       Robe              |    25 |    25 |       |       |       |       |       |       |       ||    50
       Scale mail        |       |     3 |   141 |   228 |       |       |   118 |   393 |   895 ||  1778
       Ring mail         |       |       |       |     2 |   247 |   221 |    45 |       |       ||   515
Dodge: Dodged            |    43 |    35 |    79 |    88 |   258 |   451 |   252 |   300 |   793 ||  2299
Block: Other             |    16 |    16 |    49 |    73 |   109 |   151 |    67 |   142 |   406 ||  1029
       Reflection        |       |       |     5 |     8 |     6 |    22 |    15 |    12 |    20 ||    88
